 Dungeon Crawl Stone Soup version 0.19-a0-1079-g88a7474 (webtiles) character file.

6778 4thArraOfDagon the Cleaver (level 10, -2/84 HPs)
             Began as a Deep Dwarf Fighter on Aug 6, 2016.
             Was a Believer of Makhleb.
             Shot with an arrow by Nessos (16 damage)
             ... on level 15 of the Dungeon.
             The game lasted 00:17:14 (2167 turns).

4thArraOfDagon the Cleaver (Deep Dwarf Fighter)     Turns: 2167, Time: 00:17:15

Health: -2/84      AC: 16    Str: 21    XL:     10   Next: 76%
Magic:  10/10      EV:  9    Int: 11    God:    Makhleb [**....]
Gold:   26         SH:  2    Dex: 12    Spells: 1 memorised, 8 levels left

rFire  . . .     SeeInvis .     p - +2 hand axe (freeze)
rCold  + . .     Gourm    .     i - +0 chain mail
rNeg   . . .     Faith    .     (no shield)
rPois  .         Spirit   .     (no helmet)
rElec  .         Dismiss  .     v - +0 cloak
rCorr  .         Reflect  .     (no gloves)
SustAt .         Harm     .     q - +0 pair of boots
MR     +....     Rnd*Tele +     (no amulet)
Stlth  ..........               u - ring of protection from cold
                                m - ring of teleportation

@: lethally poisoned (-2 -> -2), non-regenerating
A: damage resistance, recharge devices, large bone plates 1, sense surroundings
2, screaming 1, slow regeneration 3, sturdy frame 1
a: Device Recharging, Minor Destruction, Renounce Religion


You were on level 15 of the Dungeon.
You worshipped Makhleb.
Makhleb was pleased with you.
You were not hungry.

You visited 2 branches of the dungeon, and saw 16 of its levels.

You collected 145 gold pieces.
You spent 119 gold pieces at shops.

Inventory:

Hand Weapons
 a - a +0 war axe
 p - a +2 hand axe of freezing (weapon)
 s - the +2 falchion of the Hummingbird {slice, rF+ Str-3 Stlth+}
   (You found it on level 9 of the Dungeon)

   It inflicts extra damage upon your enemies.
   It affects your strength (-3).
   It protects you from fire.
   It makes you more stealthy.
Armour
 b - a +0 scale mail
 c - a +0 shield
 i - a +0 chain mail (worn)
 q - a +0 pair of boots (worn)
 v - a +0 cloak (worn)
Jewellery
 m - a ring of teleportation (left hand)
 u - a ring of protection from cold (right hand)
Wands
 e - a wand of heal wounds (6/9)
 o - a wand of enslavement (5/24)
Scrolls
 d - a scroll of magic mapping
 j - a scroll of fear
 k - a scroll of enchant armour {unknown}
 t - 2 scrolls of amnesia
 x - 2 scrolls of identify
 y - 2 scrolls of recharging
Potions
 h - 3 potions of curing
 n - a potion of ambrosia
 r - a potion of cancellation
Books
 g - a book of Alchemy

   Spells                             Type                      Level
   a - Sublimation of Blood           Necromancy                   2
   b - Ignite Poison                  Fire/Transmutation/Poison    3
   c - Petrify                        Transmutation/Earth          4
   d - Alistair's Intoxication        Transmutation/Poison         5
   e - Irradiate                      Conjuration/Transmutation    5
Comestibles
 f - 5 bread rations
 l - 5 meat rations
 w - a royal jelly


   Skills:
 - Level 3.1 Fighting
 * Level 12.8 Axes
 + Level 9.7 Armour
 - Level 3.2 Shields
 + Level 9.9 Evocations


You had 8 spell levels left.
You knew the following spells:

 Your Spells              Type           Power        Failure   Level  Hunger
a - Apportation           Tloc           #.........   97%         1    ##.....


Dungeon Overview and Level Annotations

Branches:
Dungeon (15/15)            Temple (1/1) D:7          Vaults (0/5) D:14
   Lair: D:8-11         Orc: D:9-12      Depths: D:15

Altars:
Ashenzari
Cheibriados
Elyvilon
Gozag
Hepliaklqana
Makhleb
Nemelex Xobeh
Okawaru
Pakellas
Qazlal
Uskayaw
Vehumet
Xom
The Shining One

Shops:
D:9 *   D:15 ?}

Annotations:
D:12 JustSomeDude's ghost, journeyman DsFi
D:15 Nessos


Innate Abilities, Weirdness & Mutations

You are resistant to damage.
You can recharge devices by infusing magical energy.
You passively map the area around you.
You do not regenerate naturally.
You are partially covered in large bone plates. (AC +2, SH +2)
You occasionally shout uncontrollably at your foes.
Your movements are slightly less encumbered by armour. (ER -2)


Message History

Okay, then.
Charge which item? (? for menu, Esc to quit)
Your wand of heal wounds (1/9) glows for a moment and now has 6 charges.
The centaur zombie closely misses you.
Nessos blinks!
The centaur warrior hits you with a mace.
The centaur zombie hits you but does no damage.
Unknown command.
Evoke which item? (* to show all) (? for menu, Esc to quit)
Zapping:
o - a wand of enslavement (6/24)
Press: ? - help, Shift-Dir - straight line, f - Nessos
Aim: Nessos, wielding a longbow of flaming and wearing a centaur barding (fast, chance to defeat MR: 67%) Nessos struggles to resist.
This wand has 5 charges left.
Nessos shoots an arrow.
The arrow hits you! The arrow burns you.
You are poisoned.
* * * LOW HITPOINT WARNING * * *
The centaur warrior shoots an arrow.
The arrow hits you!
* * * LOW HITPOINT WARNING * * *
The centaur warrior hits you but does no damage.
Nessos shoots an arrow.
The arrow hits you!
You die...

##.###.###..### **
*#...#.........# , ,
##..#.........#, , , ,,
#..'.....ยง...# , ,
#.)#.........# ,
#..#.....%...# , ,,
##.###.#*#.(..# * , *
##..###.###.cZc###.##. *
+ *
###....(....c..(@.......
,
..#....([...(...........
, , ,
.########..#########...#
* * .###.####..###..,,*
### * *
.................. , ,*
.................. , , *
* .##..............., ,
* ###..##.....##c... , *
, ,*
.#######################
*


You could see Nessos, 2 centaur warriors and a centaur zombie.

Vanquished Creatures
  2 centaur warriors (D:15)
  An ogre mage (D:15)
  A wizard (D:15)
  An ugly thing (D:11)
  A two-headed ogre (D:15)
  2 yaktaurs (D:15)
  A basilisk (D:15)
  A yak (D:10)
  A hippogriff (D:10)
  A water moccasin (D:7)
  A sky beast (D:10)
  A black bear (shapeshifter) (D:14)
  11 centaurs
  An ogre (D:14)
  A crocodile (D:12)
  2 giant frogs
  A scorpion (D:10)
  A hound (D:9)
  3 jellies
  4 worker ants
  An adder (D:8)
  2 adder skeletons
  A worm (D:8)
  2 giant geckos (D:10)
  An orc (D:6)
  A ball python (D:3)
  4 giant cockroaches
  2 goblins
  2 hobgoblins
  A quokka (D:8)
  A bat (D:2)
  A kobold (D:2)
57 creatures vanquished.

Vanquished Creatures (collateral kills)
  A deep elf mage (D:14)
  A centaur skeleton (D:14)
  A yaktaur (D:15)
  2 tengu conjurers
  A shadow (D:15)
  A tarantella (shapeshifter) (D:14)
  An orc warrior (D:15)
  3 ogres (D:15)
  4 centaurs (D:14)
  2 giant frogs (D:14)
  A crimson imp (D:15)
  An orc wizard (D:15)
  A worker ant (D:9)
20 creatures vanquished.

Vanquished Creatures (others)
  An unseen horror (D:14)
  An ugly thing (D:15)
  A yaktaur (D:15)
  A basilisk (D:15)
  A human (shapeshifter) (D:14)
  A killer bee (D:12)
  A hound skeleton (D:11)
7 creatures vanquished.

Grand Total: 84 creatures vanquished

Notes
Turn   | Place    | Note
-------+----------+-------------------------------------------
     0 | D:1      | 4thArraOfDagon the Deep Dwarf Fighter began the quest for the Orb.
     0 | D:1      | Reached XP level 1. HP: 20/20 MP: 1/1
    23 | D:1      | Sapher: you had too low ac/ev
    48 | D:1      | Sapher: to fight those monsters
    48 | D:1      | 4thArraOfDagon: i couldnt kill
    48 | D:1      | 4thArraOfDagon: it was like 20 hits per spiny frong
    48 | D:1      | Sapher: i use wands to carry me throught that moment
    53 | D:1      | Torious: NICE SHIELD
    63 | D:1      | 4thArraOfDagon: yea
    63 | D:1      | 4thArraOfDagon: no wands tho :(
    80 | D:1      | 4thArraOfDagon: in trunk you have no wands
    80 | D:1      | 4thArraOfDagon: half of them are gone
    80 | D:1      | Torious: :(
   141 | D:2      | Reached XP level 2. HP: 25/27 MP: 2/2
   148 | D:3      | Sapher: oh...wand is very usefull...wand of paralize is the best
   208 | D:3      | Sapher: it is so much better so recharge it over HP wand
   257 | D:5      | Entered Level 5 of the Dungeon
   263 | D:5      | Reached skill level 3 in Axes
   263 | D:5      | Reached XP level 3. HP: 29/34 MP: 3/3
   283 | D:5      | Sapher: you see spiny from, paralize it..kill...recharge para wand
   283 | D:5      | 4thArraOfDagon: yea
   285 | D:6      | 4thArraOfDagon: para is like blessing
   289 | D:6      | 4thArraOfDagon: carries you through whole lair
   334 | D:8      | WHY IM HERE
   357 | D:7      | Found a staircase to the Ecumenical Temple.
   361 | Temple   | Entered the Ecumenical Temple
   388 | Temple   | Became a worshipper of Makhleb the Destroyer
   429 | D:7      | Noticed an ogre
   510 | D:6      | Noticed an ice beast
   544 | D:6      | Found an oddly glowing altar of Pakellas.
   544 | D:6      | Found an iron altar of Okawaru.
   547 | D:6      | Found a glowing golden altar of the Shining One.
   547 | D:6      | Found an opulent altar of Gozag.
   549 | D:6      | Found a sparkling altar of Nemelex Xobeh.
   549 | D:6      | Found a shattered altar of Ashenzari.
   550 | D:6      | Found a stormy altar of Qazlal.
   598 | D:6      | Sapher: why still on d6?
   612 | D:6      | Found an iron altar of Okawaru.
   635 | D:6      | Learned a level 1 spell: Apportation
   664 | D:7      | Noticed a water moccasin
   665 | D:7      | RIP
   681 | D:7      | Killed a water moccasin
   681 | D:7      | Reached skill level 4 in Axes
   681 | D:7      | Reached XP level 4. HP: 24/42 MP: 4/4
   681 | D:7      | Reached XP level 5. HP: 28/49 MP: 5/5
   839 | D:9      | Reached skill level 5 in Axes
   879 | D:9      | Found Fothrenk's General Store.
   891 | D:9      | Bought a scroll of identify for 28 gold pieces
   899 | D:10     | Entered Level 10 of the Dungeon
   915 | D:10     | Sapher: omg, charly is also playing...good thing i have 2 monitors))
   926 | D:10     | Reached skill level 5 in Armour
   926 | D:10     | Reached skill level 1 in Evocations
   926 | D:10     | Reached XP level 6. HP: 30/56 MP: 5/7
   998 | D:8      | You fall through a shaft!
   998 | D:9      | Noticed a troll
  1008 | D:9      | ofc
  1014 | D:9      | Got a crude falchion
  1027 | D:10     | Identified the cursed +2 falchion of the Hummingbird {slice, rF+ Str-3 Stlth+} (You found it on level 9 of the Dungeon)
  1045 | D:10     | Reached skill level 6 in Axes
  1069 | D:10     | Noticed a sky beast
  1083 | D:10     | Killed a sky beast
  1083 | D:10     | Reached XP level 7. HP: 50/62 MP: 8/8
  1089 | D:10     | Gained mutation: Your movements are slightly less encumbered by armour. (ER -2) [mutagenic meat]
  1092 | D:10     | Gained mutation: You are partially covered in large bone plates. (AC +2, SH +2) [mutagenic meat]
  1095 | D:10     | Gained mutation: You are covered in fur. (AC +1) [mutagenic meat]
  1098 | D:10     | Gained mutation: Your spells are a little easier to cast, but a little less powerful. [mutagenic meat]
  1101 | D:10     | Lost mutation: You are covered in fur. (AC +1) [mutagenic meat]
  1104 | D:10     | Gained mutation: You occasionally shout uncontrollably at your foes. [mutagenic meat]
  1124 | D:10     | Noticed a hippogriff
  1141 | D:10     | Killed a hippogriff
  1168 | D:10     | Sapher: today i died in a such a painfull way...
  1193 | D:10     | 4thArraOfDagon: what happened
  1218 | D:11     | Noticed a hill giant
  1246 | D:11     | Noticed a six-headed hydra
  1246 | D:11     | Sapher: i met nikola....he had +5 slaying gloves
  1254 | D:11     | Noticed a purple ugly thing
  1277 | D:11     | Sapher: i payed a lot of attention to that fight...and won with a bit of luck
  1288 | D:11     | Killed a purple ugly thing
  1288 | D:11     | Reached * piety under Makhleb
  1288 | D:11     | Reached skill level 7 in Axes
  1288 | D:11     | Reached XP level 8. HP: 27/69 MP: 9/11
  1294 | D:11     | Lost mutation: Your spells are a little easier to cast, but a little less powerful. [mutagenic meat]
  1361 | D:11     | Sapher: in 30 seconds i met Aizul...and the moment we met i fell asleep
  1396 | D:12     | Reached skill level 8 in Axes
  1404 | D:12     | Noticed JustSomeDude's ghost (journeyman DsFi)
  1463 | D:11     | Sapher: didnt even had a chance to do anything
  1472 | D:12     | Sapher: it was like you see aizul you die
  1474 | D:12     | Noticed a purple ugly thing
  1539 | D:14     | Found a gate to the Vaults.
  1539 | D:14     | Noticed a komodo dragon
  1539 | D:14     | Noticed a queen bee
  1539 | D:14     | a komodo dragon changed into a queen bee
  1556 | D:14     | Reached skill level 5 in Evocations
  1567 | D:14     | Noticed an eight-headed hydra
  1568 | D:14     | Noticed a sea snake
  1573 | D:14     | Noticed a death drake
  1575 | D:14     | Noticed a deep elf mage
  1576 | D:14     | Killed a deep elf mage
  1576 | D:14     | Reached skill level 9 in Axes
  1578 | D:14     | a death drake changed into a tarantella
  1592 | D:14     | Noticed a rakshasa
  1592 | D:14     | Noticed a centaur warrior
  1596 | D:14     | Noticed a tengu conjurer
  1601 | D:14     | Gained mutation: You passively map the area around you. [Deep Dwarf growth]
  1601 | D:14     | Reached XP level 9. HP: 39/75 MP: 12/12
  1604 | D:14     | Noticed a purple ugly thing
  1605 | D:14     | Noticed a purple ugly thing
  1609 | D:14     | Killed a tengu conjurer
  1609 | D:14     | Reached skill level 10 in Axes
  1614 | D:14     | Killed an unseen horror
  1619 | D:14     | Noticed a purple ugly thing
  1619 | D:14     | Noticed a centaur warrior
  1620 | D:14     | Noticed a centaur warrior
  1620 | D:14     | Noticed a tengu conjurer
  1621 | D:14     | You fall through a shaft!
  1621 | D:15     | Entered Level 15 of the Dungeon
  1621 | D:15     | Noticed a yaktaur
  1623 | D:15     | Noticed a yaktaur
  1644 | D:15     | Noticed a yaktaur
  1654 | D:15     | Killed a yaktaur
  1655 | D:15     | Noticed a yaktaur
  1673 | D:15     | Killed a yaktaur
  1679 | D:15     | Killed a yaktaur
  1691 | D:15     | Noticed an ogre mage
  1707 | D:15     | Killed an ogre mage
  1707 | D:15     | Reached skill level 11 in Axes
  1718 | D:15     | Found Ucwaus's Magic Scroll Shop.
  1721 | D:15     | Killed a two-headed ogre
  1729 | D:15     | Bought a scroll of magic mapping for 49 gold pieces
  1792 | D:14     | WHY
  1823 | D:14     | Sapher: it might be a good idea to skip lair/orcs and to straight for depth
  1858 | D:15     | Killed a tengu conjurer
  1893 | D:15     | Bought a scroll of remove curse for 42 gold pieces
  1900 | D:15     | Found an oddly glowing altar of Pakellas.
  1900 | D:15     | Found Pakellas's Prime Provisions.
  1935 | D:15     | Noticed a centaur warrior
  1936 | D:15     | Sapher: high risk/high reward strategy
  1937 | D:15     | Reached ** piety under Makhleb
  1937 | D:15     | Reached XP level 10. HP: 37/84 MP: 12/12
  1952 | D:15     | Noticed a centaur warrior
  1965 | D:15     | Killed a centaur warrior
  1965 | D:15     | Reached skill level 12 in Axes
  1989 | D:15     | Killed a centaur warrior
  2009 | D:15     | Noticed a wizard
  2022 | D:15     | Killed a wizard
  2075 | D:15     | 4thArraOfDagon: yea
  2075 | D:15     | 4thArraOfDagon: im usually diving
  2075 | D:15     | 4thArraOfDagon: in hope for amazing items
  2146 | D:14     | Noticed a purple ugly thing
  2146 | D:14     | Noticed a purple ugly thing
  2159 | D:15     | HP: 4/84 [centaur warrior/mace (9)]
  2164 | D:15     | Noticed Nessos
  2167 | D:15     | Sapher: nessos is easy to ensalve
  2167 | D:15     | Shot with an arrow by Nessos

Vault maps used:
D:1:      dpeg_arrival_tiny_a
D:2:      nicolae_gozag_seed_capital
D:3:      kennysheep_jessica_study
D:4:      grunt_dithmenos_smoke
D:5:      basic_altar, first_bread, uniq_menkaure
D:6:      grunt_temple_overflow_open, serial_shops, nicolae_shop_stone,
          hangedman_decor_lopped, okawaru_gym_becter
D:7:      nicolae_overflow_crystal_walls
D:8:      lair_0_dummy, worms_lemuel
D:9:      serial_shops, nicolae_shop_waterfront
D:10:     lemuel_castle_with_subvaults, amethyst_killhole
D:11:     zombieorc1_lemuel, david_nohive_1
D:12:     serial_bayou, serial_bayou_shore_a, serial_bayou_lagoon_a,
          serial_bayou_pond_c, serial_bayou_pond_d, serial_bayou_lake_a,
          serial_bayou_crossing, minivault_19
D:14:     david_vaults_2, minmay_holes
D:15:     hangedman_depths_entry_try_elsewhere_first, serial_shops,
          nicolae_shop_waterfront, lemuel_round_altar, spider_trap,
          johnstein_pakellas_shop, uniq_nessos
Temple:   dpeg_chambers_temple

Skill      XL: |  1  2  3  4  5  6  7  8  9 10 |
---------------+-------------------------------+-----
Fighting       | 3 |  3.1
Axes           | 3 4 5 6 7 9 11 12 | 12.8
Armour         | 4 5 6 7 8 9 |  9.7
Evocations     | 1 2 4 6 8 9 |  9.9
Shields        | |  3.2

Action                   |  1- 3 |  4- 6 |  7- 9 | 10-12 || total
-------------------------+-------+-------+-------+-------++-------
Melee: War axe           |    30 |       |       |       ||    30
       Hand axe          |    24 |    63 |     2 |    58 ||   147
       Falchion          |       |    17 |   149 |       ||   166
 Abil: Device Recharging |       |       |     4 |     3 ||     7
Evoke: Wand              |       |     3 |    27 |    10 ||    40
  Use: Scroll            |     6 |     5 |     7 |       ||    18
       Potion            |       |       |     6 |       ||     6
  Eat: Meat ration       |       |     1 |       |       ||     1
       Chunk             |       |       |     7 |       ||     7
Armor: Scale mail        |     7 |       |       |       ||     7
       Chain mail        |    10 |    46 |   113 |    74 ||   243
Dodge: Dodged            |    19 |    26 |    65 |    40 ||   150
Block: Shield            |    16 |       |       |       ||    16
       Other             |       |       |    10 |    10 ||    20
